 Dungeon Crawl Stone Soup version 0.27.1-34-g3ba077fa99 (webtiles) character file.

Game seed: 8681478964178902040

159 Unglued128 the Poker (level 5, -2/47 HPs)
             Began as a Minotaur Berserker on Jan 2, 2022.
             Was a Believer of Trog.
             Slain by an orc (6 damage)
             ... on level 3 of the Dungeon.
             The game lasted 00:09:06 (2517 turns).

Unglued128 the Poker (Minotaur Berserker)           Turns: 2517, Time: 00:09:06

Health: -2/47      AC:  6    Str: 22    XL:     5   Next: 17%
Magic:  4/4        EV: 10    Int:  4    God:    Trog [**....]
Gold:   97         SH:  0    Dex: 10    Spells: 4/4 levels left

rFire    . . .     SeeInvis .   a - +0 spear
rCold    . . .     Faith    .   (no shield)
rNeg     . . .     Spirit   .   j - +0 scale mail
rPois    .         Reflect  .   (helmet restricted)
rElec    .         Harm     .   (no cloak)
rCorr    .         Rampage  .   (no gloves)
Will     .....                  (no boots)
Stlth    ..........             (no amulet)
HPRegen  0.15/turn              (no ring)
MPRegen  0.09/turn              (no ring)

@: on berserk cooldown, slowed, very slow
A: horns 2, retaliatory headbutt
a: Renounce Religion, Berserk, Trog's Hand


You were on level 3 of the Dungeon.
You worshipped Trog.
Trog was pleased with you.
You visited 1 branch of the dungeon, and saw 3 of its levels.

You collected 97 gold pieces.

Inventory:

Hand Weapons
 a - a +0 spear (weapon)
Missiles
 g - 3 boomerangs (quivered)
 i - a throwing net
Armour
 j - a +0 scale mail (worn)
Wands
 l - a wand of digging (3)
Scrolls
 b - a scroll of teleportation {unknown}
 e - a scroll of vulnerability {unknown}
 k - a scroll of identify {unknown}
Potions
 c - a potion of ambrosia {unknown}
 d - 2 potions of heal wounds {unknown}
 f - 2 potions of invisibility {unknown}
 h - a potion of magic {unknown}
 m - 2 potions of might {unknown}


   Skills:
 + Level 4.7 Fighting
 + Level 5.4 Polearms
 + Level 3.4 Armour
 + Level 3.0 Dodging


You had 4 spell levels left.
You didn't know any spells.
Your spell library was empty.

Dungeon Overview and Level Annotations

Branches:
Dungeon (3/15)

Altars:


Innate Abilities, Weirdness & Mutations

You have a pair of horns on your head.
You reflexively headbutt those who attack you in melee.


Message History

The orc wizard hits you but does no damage.
You closely miss the orc wizard.
The orc wizard is moderately wounded.
The orc priest hits you with a +0 hand axe.
You bump into the rock wall.
The orc wizard hits you but does no damage.
You hit the orc wizard.
The orc wizard is heavily wounded.
The orc priest hits you with a +0 hand axe.
You completely miss the orc wizard. Your headbutt misses the orc wizard.
The orc wizard is heavily wounded.
You are no longer berserk.
You are exhausted.
You feel yourself slow down. The orc wizard closely misses you.
You miss the orc priest.
The orc priest is heavily wounded.
The orc priest hits you with a +0 hand axe.
The orc wizard casts a spell at you. The puff of flame hits you!
* * * LOW HITPOINT WARNING * * *
The orc priest misses you.
You bump into the rock wall.
You feel less confused.
The orc wizard hits you but does no damage.
The orc priest completely misses you.
You closely miss the orc wizard. You headbutt the orc wizard!
The orc wizard is almost dead.
The orc wizard barely misses you. You furiously retaliate!
You headbutt the orc wizard.
You kill the orc wizard!
Trog accepts your kill.
Trog appreciates your killing of a magic user.
The orc priest hits you with a +0 hand axe.
* * * LOW HITPOINT WARNING * * *
You have reached level 5!
You hit the orc priest.
The orc priest is almost dead.
The orc priest hits you but does no damage.
The orc hits you with a +0 hand axe.
You die...

##..######## ..
###.#.###.# #
....##.....# #.
....... .#
###.##.....#
#.##.....#
..#.##.....# [.+.....#
...........# #.#.....#
...........# #.#.....#
#..........# #..#
..........## #..#
..........#####.@## #
..#.#...#.......oo# .#
..#.#......######o#..#
..#.+......# #....#
#####......# ##...#
#......# ...#
........# ...#
.........# #....
....[....# .....


You could see an orc priest and 2 orcs.

Vanquished Creatures
  A bullfrog skeleton (D:3)
  2 orc wizards
  A dart slug (D:2)
  11 orcs (D:3)
  8 ball pythons
  4 bats
  5 endoplasms
  3 giant cockroaches (D:1)
  5 goblins
  7 hobgoblins
  4 jackals (D:3)
  5 frilled lizards
  5 kobolds
  A rat (D:2)
62 creatures vanquished.

Notes
Turn   | Place    | Note
-------+----------+-------------------------------------------
     0 | D:1      | Unglued128 the Minotaur Berserker began the quest for the
                  | Orb.
     0 | D:1      | Reached XP level 1. HP: 19/19 MP: 0/0
   336 | D:1      | Reached XP level 2. HP: 27/27 MP: 1/1
   374 | D:1      | Reached skill level 4 in Polearms
  1112 | D:2      | Reached XP level 3. HP: 26/33 MP: 2/2
  1437 | D:2      | Reached ** piety under Trog
  1983 | D:2      | Reached XP level 4. HP: 20/41 MP: 3/3
  2369 | D:3      | Reached skill level 5 in Polearms
  2517 | D:3      | Reached XP level 5. HP: 4/47 MP: 4/4
  2517 | D:3      | Slain by an orc

Illustrated notes

Levels and vault maps discovered:
D:1:      ebering_trefoil_twist, layout_basic
D:2:      layout_basic, grunt_decor_clamped, roderic_roman_lattice
D:3:      layout_basic, uniq_natasha

Skill      XL: |  1  2  3  4 |
---------------+-------------+-----
Fighting       | 4 |  4.7
Polearms       | 4 5 |  5.4
Armour         | 3 |  3.4
Dodging        | 3 |  3.0

Action                   |  1- 3 |  4- 6 || total
-------------------------+-------+-------++-------
Melee: Spear             |   111 |    54 ||   165
       Headbutt          |    14 |     8 ||    22
Invok: Berserk           |       |     1 ||     1
 Stab: Sleeping          |     1 |       ||     1
Armor: Animal skin       |    11 |       ||    11
       Scale mail        |     7 |    19 ||    26
Dodge: Dodged            |    34 |    24 ||    58
